Cogmind - Beta 16 *** ADVENTURER MODE // 2025.11.12 @ 14:03:00 Player: Drayoia Result: Destroyed by D-53 Grenadier with Mini Grenade Launcher Performance ------------- Evolutions (0) 0 Regions Visited (2) 400 Robots Destroyed (16) 80 Value Destroyed (434) 434 Prototype IDs (0) 0 Alien Tech Used (0) 0 Bonus (0) 0 TOTAL SCORE: 914 Bonus ------- None Cogmind --------- Core Integrity 0/250 Matter 282/300 Energy 95/100 System Corruption 0% Temperature Cool (0) Movement Core (250) Ox4 Location -10/Mines Parts ------- > --- POWER (1) -------- (None) > --- PROPULSION (2) --- (None) > --- UTILITY (2) ------ Medium Storage Unit > --- WEAPON (2) ------- Light Assault Rifle Makeshift Axe > --- INVENTORY (10) --- Flight Unit Flight Unit Medium Matter Pod (0) Medium Matter Pod (0) Light Assault Rifle Light Assault Rifle Light Cannon Hammer Peak State ------------ > --- POWER ------------ Ion Engine > --- PROPULSION ------- Aluminum Leg Aluminum Leg > --- UTILITY ---------- Heat Sink Medium Storage Unit > --- WEAPON ----------- Light Assault Rifle Makeshift Axe > --- INVENTORY -------- Flight Unit Flight Unit Medium Matter Pod Medium Matter Pod Light Assault Rifle Light Assault Rifle Light Cannon Hammer [Rating: 10] Favorites ----------- Power Ion Engine Engine Ion Engine Propulsion Aluminum Leg Leg Aluminum Leg Flight Unit Flight Unit Utility Heat Sink Device Heat Sink Storage Medium Storage Unit Weapon Light Assault Rifle Energy Gun EM Pulse Gun Ballistic Gun Light Assault Rifle Ballistic Cannon Light Cannon Slashing Weapon Makeshift Axe Build | -11 -10 -10 ------- Run | Yrd Mat Min Slots Evolved . | . . . Power . | . . . Propulsion . | . . . Utility . | . . . Weapon . | . . . Parts Attached 19 | 5 9 5 Power 3 | 1 1 1 Engine 3 | 1 1 1 Core . | . . . Reactor . | . . . Propulsion 7 | 2 4 1 Treads . | . . . Leg 5 | 2 2 1 Wheel . | . . . Hover . | . . . Flight 2 | . 2 . Utility 2 | . 2 . Device 1 | . 1 . Storage 1 | . 1 . Processor . | . . . Hackware . | . . . Protection . | . . . Artifact . | . . . Weapon 7 | 2 2 3 Energy Gun 1 | 1 . . Energy Cannon . | . . . Ballistic Gun 4 | 1 1 2 Ballistic Cannon 1 | . 1 . Launcher . | . . . Special Weapon . | . . . Impact Weapon . | . . . Slashing Weapon 1 | . . 1 Piercing Weapon . | . . . Special Melee Weapon . | . . . Unidentified Prototypes . | . . . Parts Lost 4 | . . 4 Power 1 | . . 1 Propulsion 2 | . . 2 Utility 1 | . . 1 Weapon . | . . . Highest Loss Streak 4 | . . 4 To Critical Strikes . | . . . Average Backups 6 | 2 5 8 Power . | . . . Propulsion 3 | 1 2 3 Utility 1 | . . 2 Weapon 2 | 1 1 3 Tool/Special . | . . . Unused Backups 7 | . 3 4 Power . | . . . Propulsion 3 | . 2 1 Utility 2 | . . 2 Weapon 2 | . 1 1 Tool/Special . | . . . Average Slot Usage (%) 92 | . 82 98 Engine 13 | . 14 13 Leg 27 | . 28 27 Device 11 | . 7 14 Storage 10 | . 4 14 Energy Gun 1 | . 4 . Ballistic Gun 15 | . 14 17 Ballistic Cannon 8 | . 9 7 Slashing Weapon 1 | . . 3 Peak Build Rating 10 | 5 8 10 Average Rating 6 | 3 5 8 On Entrance 4 | . 5 8 Avg Prop Armor Cover (%) . | . . . Naked Turns . | . . . Heaviest Build 20 | 6 20 20 Greatest Support 20 | 20 20 20 Greatest Overweight (x) 4 | . . 4 Average Overweight (x) . | . . . Largest Inventory Capacity 10 | 5 10 10 Average Capacity 8 | 5 6 10 Most Carried 10 | 5 10 10 Average Carried 6 | 2 5 8 Final Capacity 10 | 5 10 10 Final Carried 10 | 5 10 8 Class Distribution -------------------- 61% | Mutant 38% | Scavenger-Mutant Dominant Class ---------------- Mutant | -10/Materials Scavenger-Mutant | -10/Mines Resources | -11 -10 -10 ----------- Run | Yrd Mat Min Matter Collected 578 | 253 121 204 Remotely . | . . . Salvage Created 472 | 50 247 175 Parts 31 | 2 16 13 Haulers Intercepted . | . . . Recyclers Shooed . | . . . Parts Field Recycled . | . . . Retrieved Matter . | . . . Parts Self-Destructed . | . . . Prevented . | . . . Parts Restored . | . . . Kills | -11 -10 -10 ------- Run | Yrd Mat Min Combat Hostiles Destroyed 15 | 1 7 7 Melee 2 | . . 2 Guns 8 | 1 4 3 Cannons 5 | . 3 2 Classes Destroyed 3 | 1 2 . Watcher 1 | . 1 . Swarmer 6 | . 3 3 Grunt 9 | 1 4 4 Best Kill Streak 3 | 1 3 3 Combat Bots Only 3 | 1 3 3 Max Kills in Single Turn 2 | 1 1 2 Gunslinging . | . . . Exploded . | . . . Melee 1 | . . 1 Uniques/NPCs Destroyed . | . . . Combat | -11 -10 -10 -------- Run | Yrd Mat Min Hostile Shots Fired 92 | 3 42 47 Missed 19 | . 13 6 Hits 73 | 3 29 41 Projectile 73 | 3 29 41 AOE 11 | . . 11 Critical Strikes 1 | . . 1 Damage Taken 969 | 25 244 700 Core 256 | 8 49 199 Absorbed by Shields . | . . . Ignored by Resistances 282 | 8 79 195 Regen/Repaired (Parts) 3 | . 3 . Core Remaining (%) 96 | 96 . . Volleys Fired 48 | 3 24 21 Largest 2 | 2 2 2 Hottest 60 | 60 60 50 Shots Fired 94 | 6 48 40 Gun 67 | 6 40 21 Cannon 27 | . 8 19 Launcher . | . . . Special . | . . . Kinetic 75 | 3 32 40 Thermal . | . . . Explosive . | . . . Electromagnetic 19 | 3 16 . Robot Hit Streak 20 | 4 20 11 Robot Miss Streak 2 | 1 2 1 Penetration Max . | . . . Secondary Targets . | . . . Shots Hit Robots 75 | 5 38 32 Core Hits 31 | 2 16 13 Critical Kills . | . . . Critical Parts Destroyed 1 | . 1 . Critical Strikes 2 | . 1 1 Destroy 1 | . 1 . Blast 1 | . . 1 Melee Attacks 5 | . . 5 Impact . | . . . Slashing 5 | . . 5 Piercing . | . . . Sneak Attacks . | . . . Combat Hostiles . | . . . Follow-up Attacks . | . . . Damage Inflicted 1045 | 68 435 542 Guns 535 | 68 333 134 Cannons 360 | . 102 258 Explosions . | . . . Melee 150 | . . 150 Ramming . | . . . Kinetic 657 | 27 238 392 Thermal . | . . . Explosive . | . . . Electromagnetic 238 | 41 197 . Impact . | . . . Slashing 150 | . . 150 Piercing . | . . . Highest Corruption . | . . . Average Corruption . | . . . Corruption Purged . | . . . Corruption Blocked . | . . . Overload Shots . | . . . Overflow Damage 41 | . . 41 Projectiles . | . . . Explosions . | . . . Melee 41 | . . 41 Knockbacks 3 | . 1 2 Impact . | . . . Kinetic 3 | . 1 2 Secondary . | . . . Self-Inflicted Damage . | . . . Shots . | . . . Rammed . | . . . Targets Rammed . | . . . Kicked . | . . . Crushed . | . . . Highest Temperature 138 | 58 138 22 Average Temperature 42 | 34 53 6 Received Heat Transfer 381 | 18 135 228 Siege Activations . | . . . Martial Activations . | . . . Shielding Activations . | . . . Robots Disrupted . | . . . Combat Hostiles . | . . . Robots Corrupted . | . . . Combat Hostiles . | . . . Parts Fried . | . . . Impact Corruptions . | . . . Robots Melted . | . . . Combat Hostiles . | . . . Parts Melted . | . . . Heat Transferred . | . . . Parts Sabotaged . | . . . Parts Stolen . | . . . Parts Stripped . | . . . Power Chain Reactions . | . . . Alert | -11 -10 -10 ------- Run | Yrd Mat Min Maximum Alert Level . | . . . Low Security (%) 100 | 100 100 100 Level 1 . | . . . Level 2 . | . . . Level 3 . | . . . Level 4 . | . . . Level 5 . | . . . High Security . | . . . Max Security . | . . . Peak Influence 123 | 20 123 70 Initial 20 | . . 20 Average 32 | 2 67 20 Influence Increases 384 | 20 194 170 Destroy 0b10 Robot/C 300 | 20 140 140 Destroy 0b10 Robot/NC 5 | . 5 . Destroy Leader 62 | . 32 30 Successful Hack 2 | . 2 . Partial Spotted 15 | . 15 . Influence Decreases 374 | 20 130 224 Entered New Map 44 | . . 44 Time Decay 290 | 20 130 140 Lost Part 40 | . . 40 Squads Dispatched . | . . . Investigation . | . . . Extermination . | . . . Reinforcement . | . . . Assault . | . . . Garrison . | . . . Intercept . | . . . Searches Triggered . | . . . Construction Impeded . | . . . Haulers Reinforced . | . . . Active Scanning Responses . | . . . Cargo Convoy Interrupts . | . . . Stealth | -11 -10 -10 --------- Run | Yrd Mat Min Distress Signals . | . . . Communications Jammed . | . . . Distress Signals . | . . . Times Spotted 18 | 1 9 8 Peak Tracking Total 4 | 1 4 3 Tactical Retreats . | . . . Traps | -11 -10 -10 ------- Run | Yrd Mat Min Traps Triggered . | . . . Indirectly . | . . . Trap Hack Attempts . | . . . Triggered . | . . . Disarmed . | . . . Reprogrammed . | . . . Reused . | . . . Traps Extracted . | . . . Installed . | . . . Triggered . | . . . Machines | -11 -10 -10 ---------- Run | Yrd Mat Min Machines Disabled . | . . . Max in Single Turn . | . . . Machines Repaired . | . . . Machines Dismantled . | . . . Machines Sabotaged . | . . . Overloaded Fab Kills . | . . . Hacking | -11 -10 -10 --------- Run | Yrd Mat Min Machines Accessed 4 | . 4 . Terminals 3 | . 3 . Fabricators . | . . . Repair Stations 1 | . 1 . Recycling Units . | . . . Scanalyzers . | . . . Garrison Access . | . . . Total Hacks 7 | . 7 . Successful 6 | . 6 . Failed 1 | . 1 . Catastrophic . | . . . Database Lockouts . | . . . Manual . | . . . Terminals 5 | . 5 . Fabricators . | . . . Repair Stations 2 | . 2 . Recycling Units . | . . . Scanalyzers . | . . . Garrison Access . | . . . Terminal Hacks 4 | . 4 . Record 2 | . 2 . Branch Access Points 1 | . 1 . Locate Traps 1 | . 1 . Fabricator Hacks . | . . . Repair Station Hacks 2 | . 2 . Scan Component 1 | . 1 . Repair 1 | . 1 . Recycling Unit Hacks . | . . . Scanalyzer . | . . . Garrison Access Hacks . | . . . Unauthorized Hacks . | . . . Terminals . | . . . Fabricators . | . . . Repair Stations . | . . . Recycling Units . | . . . Scanalyzers . | . . . Garrison Access . | . . . Data Cores Recovered . | . . . Used . | . . . Hacking Detections 1 | . 1 . Full Trace Events . | . . . Feedback Events . | . . . Feedback Blocked . | . . . Robot Schematics Acquired . | . . . Robots Built . | . . . Authchips . | . . . Time . | . . . Total Robot Build Rating . | . . . Part Schematics Acquired . | . . . Parts Built . | . . . Authchips . | . . . Time . | . . . Total Part Build Rating . | . . . Part Studies Acquired . | . . . Parts Repaired 1 | . 1 . Time 36 | . 36 . Parts Recycled . | . . . Recycled Matter . | . . . Retrieved Matter . | . . . Retrieved Components . | . . . Parts Scanalyzed . | . . . Part Schematics Acquired . | . . . Parts Damaged . | . . . Bothacking | -11 -10 -10 ------------ Run | Yrd Mat Min Used RIF Installer . | . . . Robots Hacked . | . . . Non-combat . | . . . Combat . | . . . Robot Hacks Applied . | . . . Relay Couplers Released . | . . . Fabnet Peak Effective % . | . . . Robots Rewired . | . . . Allies Hacked . | . . . Hacks Repelled . | . . . Allies | -11 -10 -10 -------- Run | Yrd Mat Min Total Allies . | . . . Largest Group . | . . . Highest-Rated Group . | . . . Highest-Rated Ally . | . . . Total Orders . | . . . Ally Attacks . | . . . Total Damage . | . . . Kills . | . . . Allies Corrupted . | . . . Allies Melted . | . . . Intel | -11 -10 -10 ------- Run | Yrd Mat Min Active Infowar (turns) . | . . . Robot Analysis Total . | . . . Derelict Logs Recovered . | . . . Drone Launches . | . . . Drone Recoveries . | . . . Exploration | -11 -10 -10 ------------- Run | Yrd Mat Min Turns Passed 965 | 161 315 489 Spaces Moved 652 | 137 180 335 Core 45 | 44 . 1 Treads . | . . . Legs 607 | 93 180 334 Wheels . | . . . Hover . | . . . Flight . | . . . Fastest Speed 50 | 50 120 120 Average Speed 115 | 97 120 120 Slowest Speed 250 | 120 120 250 Overloaded Moves . | . . . Propulsion Burnouts . | . . . Robots Hopped . | . . . Potential Cave-ins . | . . . Cave-ins Triggered . | . . . Exploration Rate (%) 32 | 7 23 68 Regions Visited 2 Branch Regions 1 Pre-discovered Areas . | . . . Known Exits Taken 1 | . 1 . Unknown Exits Taken 1 | 1 . . Scrap Searched . | . . . Spaces Dug . | . . . Terrain Destroyed . | . . . Melee . | . . . Projectile . | . . . AOE . | . . . Terrain Rammed . | . . . Walls Destroyed . | . . . Machines Disabled . | . . . Actions | -11 -10 -10 --------- Run | Yrd Mat Min Total 775 | 159 236 380 Wait 6 | 5 . 1 Move 650 | 136 179 335 Hop . | . . . Pick Up 26 | 10 14 2 Fast Attach . | . . . Attach 10 | 5 4 1 Detach 3 | . 2 1 Swap 16 | . 7 9 Drop 11 | . 6 5 Fire 48 | 3 24 21 Melee 5 | . . 5 Ram . | . . . Kick . | . . . Crush . | . . . Escape Stasis . | . . . Rewire . | . . . Trap . | . . . Miscellaneous . | . . . Route ------- -11/Scrapyard -10/Materials (discovered 3 exits: [*Mat] / *Min x2) -10/Mines (discovered 2 exits: [*Mat x2]) History --------- Turn | Location | Event 2 | -11/Scrapyard | Met Revision 17 99 | -11/Scrapyard | Discovered new exit (range 8) 162 | -11/Scrapyard | Entered Materials 312 | -10/Materials | Repaired Corrupted Heat Sink 313 | -10/Materials | Build established: Mutant 433 | -10/Materials | Discovered new exit (range 8) 452 | -10/Materials | Discovered new exit (range 13) 456 | -10/Materials | Identified exit to Mines 477 | -10/Materials | Entered Mines 576 | -10/Mines | Discovered new exit (range 6) 764 | -10/Mines | Discovered new exit (range 15) 826 | -10/Mines | A weapon hastily lodged in a ceiling crevice suddenly fell to the ground 914 | -10/Mines | Core integrity fell below 50% 938 | -10/Mines | Assembled infested the area 965 | -10/Mines | Core integrity fell below 20% 966 | -10/Mines | Destroyed by D-53 Grenadier with Mini Grenade Launcher Last Messages --------------- 00935_ K-01 Serf collects debris. 00936_ Acquired 16 matter. 00938_ ALERT: Infestation in the mines, dispatching Demolisher response squad. 00956_ C-45 Heavy ARC bursts open, deploying its payload. 00956_ D-53 Grenadier unfolds itself. 00957_ Ion Engine destroyed. 00959_ Aluminum Leg destroyed. 00961_ The unstable cave ceiling collapses. Overweight warning: You are carrying more than your current propulsion can efficiently support, which slows movement; see status page ('s') or the top of the parts list for the specific mass vs. support values. 00965_ The unstable cave ceiling collapses. 00965_ K-01 Serf collects debris. 00966_ Destroyed Shock Absorption System. 00966_ Heat Sink destroyed. [Achievement: First Step to Greatness] Map ----- +----------------------------------------------------+ | ???????????????????????????????????????????????? | | ???????????????????????????????????????????????? | | ???????????????????????????????????????????????? | | ???????????????????????????????????????????????? | | ???????????????????????????????????????????????? | | ???????????????????????????????????????????????? | | ???????????????????????????????????????? ??????? | | ??????????????????????????????????????? ???????? | | ??????????????????????????????????????? ???#??? | | ????????? ?????????????????????????? #?? | | ????????? ?????????????????????????? #?? | | ????????? ?????????????????????????? ??? | | ????????? #????????????????????????## ???? | | ????????? #???????????????????????## #???? | | ????????? ##???????????????????#### #????? | | ????????? ##??????????????##### """ #?????? | | ????????# #?????????????## ## ## """ ##????? | | ????????# ??????????????# # ## """ ##???? | | ???????## ???????????#### ##??? | | ?####### ????????????# #??? | | ?? #?????????#### ##### < #??? | | ???# #?????##### # ### #??# ##??? | | ????# ?????## # #?# ##??? | | ?????# #????## d # #?## ##?? | | ##### ##??## ## #?# #?? | | " = #### @d ## #?# #?? | | " [k #? ##?# ##?? | | " #######= * ## ##? #??#$ #####??? | | ????????## ### # ? #??# #??????? | | ?????????#[ ###?#### #??# #??????? | | ?????????# #??????# #??# #??????? | | ?????????## ###???? ##### ##?????? | | ????####### ##### ##### #### ##????? | | ##### ## ####????###?# ##???? | | ## #???????????# #???? | | ###### ##??????????## #???? | | ##?????####?????????### """ ##???? | | ## ### ##??????????????????## """ ##????? | | ?####?#####??????????????????## """ ##????? | | ????????????????????????????## #????? | | ????????????????????????????# #????? | | ????????????????????????????# #????? | | #???????????????????????????# ## #????? | | #???????????????????????????# =### #????? | | #?????????????###############[*#?#### #????? | | #?????????????# ====#?????# #????? | | #?????????????# ################??????# ##????? | | ??????????????# #??????????????????????###?????? | | ?????????###??# #???????###????????????????????? | | ????????## ##?# #?????## ##???????????????????? | +----------------------------------------------------+ Best States ------------- Heat Dissipation 35 Energy Generation 10 Energy Capacity 250 Matter Stores 300 Matter Capacity 300 Sight Range 16 Terrain Scan Density 10 Resistance: KI 20 Resistance: TH 20 Resistance: EX 20 Resistance: EM 20 Resistance: I 20 Resistance: S 20 Resistance: P 20 Evasion (%) 55 Offensive Hacking 10 Item Schematics ----------------- None Robot Schematics ------------------ None Fabricated ------------ Nothing Repaired ---------- Heat Sink | 90% | -10/Materials | Corrupted Studied --------- None Alien Tech Used ----------------- None Achievements -------------- Crack Shot First Step to Greatness Organ Harvest Part-time Mechanic Challenges ------------ None Game ------ Seed PartitionInsulationFlail Manual? 0 Play Time 00:48:26 Cumulative 0.7 hours Start 2025.11.12 @ 12:29:20 End 2025.11.12 @ 14:03:00 Sessions 1 Manual Loads 0 Difficulty Adventurer Special Mode None Game No. 1 Rogue 0 Adventurer 1 Explorer 0 Win Type - Total 0 Types 0/0/0/0/0/0/0/0/0/0 Lore% 0 Gallery% 0 Achievement% 0 Wizard Run 0 Options --------- Layout 1 ASCII 0 Keyboard 0 Movement Mouse Keybinds 0 Fullscreen 0 Font 20/SmallcapsGlow Map View 50x35 Zoom Use 0% Tactical HUD 1 Map Filters NONE Filters NONE Steam 1 RUN: 9a52263a-a0b8-4941-8fb6-ac2fa3e2e7d0